 Dungeon Crawl Stone Soup version 0.25-a0-292-gaa31f046c4 (webtiles) character file.

Game seed: 7738884461714820391, levelgen mode: deterministic

1402186 hittemvvvvvvvvvvhard the Wrestler (level 27, 235/235 (246) HPs)
             Began as a Ghoul Fire Elementalist on Dec 12, 2019.
             Was a Believer of Fedhas.
             Escaped with the Orb
             ... and 3 runes on Dec 15, 2019!
             The game lasted 05:15:43 (107605 turns).

hittemvvvvvvvvvvhard the Wrestler (GhFE)          Turns: 107605, Time: 05:15:44

HP:   235/235 (246) AC: 30    Str: 34 (36) XL:     27
MP:   6/35          EV: 22    Int: 11 (13) God:    Fedhas [**....]
Gold: 454           SH: 19    Dex:  4 (7)  Spells: 6/44 levels left

rFire    + + +     SeeInvis .     - Unarmed
rCold    + . .     Gourm    .   A - +5 shield {AC+3} {AC+3}
rNeg     + + +     Faith    .   G - +4 ring mail "Amauroev" {rF++ Str+10 Dex-3}
rPois    ∞         Spirit   +   Z - +2 helmet {Int+3} {Int+3}
rElec    +         Reflect  .   W - +2 cloak {MR+} {MR+}
rCorr    .         Harm     .   H - +2 pair of gloves
MR       ++++.                  b - +2 pair of boots
Stlth    +.........             Y - amulet of Xioracuy {Spirit rElec rPois rF+ Str+2}
HPRegen  0.00/turn              P - ring of Phasing {EV+8}
MPRegen  0.24/turn              M - ring of protection from magic

@: rotting
A: rotting body, claws 1, carnivore, cold resistance 1, negative energy
resistance 3, inhibited regeneration, torment resistance, unbreathing
0: Orb of Zot
}: 3/15 runes: decaying, serpentine, silver
a: Wall of Briars, Renounce Religion


You escaped.
You worshipped Fedhas.
Fedhas was pleased with you.
You were hungry.

You visited 11 branches of the dungeon, and saw 53 of its levels.
You also visited: Ice Cave.

You collected 7453 gold pieces.
You spent 6999 gold pieces at shops.

Inventory:

Missiles
 h - 17 silver javelins (quivered)
 n - 29 boomerangs
 L - 3 throwing nets {=f}
Armour
 b - a +2 pair of boots (worn)
 A - a +5 shield of protection (worn) {AC+3}
 G - the +4 ring mail "Amauroev" (worn) {rF++ Str+10 Dex-3}
   (You found it on level 3 of the Snake Pit)

   It affects your strength (+10).
   It affects your dexterity (-3).
   It greatly protects you from fire.
 H - a +2 pair of gloves (worn)
 W - a +2 cloak of magic resistance (worn) {MR+}
 Z - a +2 helmet of intelligence (worn) {Int+3}
Jewellery
 j - an uncursed ring of flight
 C - an uncursed ring of resist corrosion
 I - an uncursed ring of protection from cold
 M - a ring of protection from magic (right hand)
 P - the ring of Phasing (left hand) {EV+8}
   (You bought it in a shop on level 3 of the Snake Pit)

   [ring of evasion]

   It affects your evasion (+8).
 S - an uncursed ring of see invisible
 Y - the amulet of Xioracuy (around neck) {Spirit rElec rPois rF+ Str+2}
   (You bought it in a shop on level 3 of the Snake Pit)

   [amulet of guardian spirit]

   It causes incoming damage to be split between your health and magic.
   It affects your strength (+2).
   It protects you from fire.
   It insulates you from electricity.
   It protects you from poison.
Wands
 d - a wand of disintegration (38)
 k - a wand of clouds (1)
 p - a wand of flame (22)
 v - a wand of iceblast (30)
 D - a wand of digging (10)
 K - a wand of enslavement (19)
 Q - a wand of paralysis (57)
 V - a wand of scattershot (11)
 X - a wand of acid (19)
Scrolls
 c - 13 scrolls of fear
 f - 6 scrolls of fog
 i - 13 scrolls of identify
 l - 4 scrolls of vulnerability {!r!r}
 r - 4 scrolls of magic mapping {!r}
 t - 12 scrolls of teleportation
 x - 15 scrolls of remove curse
 B - 9 scrolls of blinking {!r}
 T - 5 scrolls of summoning
 U - 4 scrolls of torment
Potions
 a - 5 potions of ambrosia
 g - 14 potions of curing
 m - 4 potions of magic
 o - 4 potions of cancellation
 q - 4 potions of resistance
 s - 2 potions of haste
 w - 6 potions of heal wounds
 J - 10 potions of flight
 R - a potion of agility
Miscellaneous
 u - a box of beasts
 z - a lightning rod (4/4)
 F - 2 sacks of spiders
 N - a phial of floods
 O - 4 phantom mirrors
Comestibles
 e - 37 rations


   Skills:
 - Level 20.0 Fighting
 - Level 16.0 Armour
 - Level 16.0 Dodging
 - Level 2.1 Stealth
 - Level 15.0 Shields
 * Level 21.8 Unarmed Combat
 - Level 9.0 Spellcasting
   Level 0.7 Conjurations
 - Level 1.0 Charms
 - Level 15.0 Summonings
 - Level 9.0 Necromancy
 - Level 4.1 Translocations
 - Level 3.6 Transmutations
   Level 2.4 Fire Magic
 - Level 4.0 Earth Magic
 - Level 13.0 Invocations
 - Level 15.0 Evocations


You had 6 spell levels left.
You knew the following spells:

 Your Spells              Type           Power        Failure   Level  Hunger
b - Corpse Rot            Necr/Air       N/A          4%          2    #......
c - Animate Dead          Necr           N/A          4%          4    ####...
d - Blink                 Tloc           N/A          4%          2    #......
e - Summon Demon          Summ           #####.....   1%          5    ######.
f - Shadow Creatures      Summ           N/A          5%          6    #######
g - Apportation           Tloc           ##....       3%          1    None
h - Recall                Summ/Tloc      N/A          1%          3    ##.....
q - Aura of Abjuration    Summ           #####.....   1%          5    ######.
r - Regeneration          Chrm/Necr      ###.......   7%          3    ##.....
w - Passwall              Tmut/Erth      ##......     5%          2    #......
x - Vampiric Draining     Necr           ###.......   1%          3    ##.....
A - Animate Skeleton      Necr           N/A          1%          1    None
B - Summon Butterflies    Summ           #####...     1%          1    None

Your spell library contained the following spells:

 Spells                   Type           Power        Failure   Level  Hunger
 Pain                     Necr           ###.         1%          1    None
 Summon Small Mammal      Summ           ####         1%          1    None
 Call Imp                 Summ           #####...     1%          2    #......
 Call Canine Familiar     Summ           #####...     1%          3    ##.....
 Summon Guardian Golem    Hex/Summ       ###.....     2%          3    ##.....
 Sticks to Snakes         Tmut           ##......     6%          2    #......
 Summon Ice Beast         Ice/Summ       ###.....     8%          4    ####...
 Summon Lightning Spire   Summ/Air       ###.....     8%          4    ####...
 Sting                    Tmut/Pois      #...         9%          1    None
 Shroud of Golubria       Chrm/Tloc      ##....       9%          2    #......
 Foxfire                  Conj/Fire      #...         10%         1    None
 Gell's Gravitas          Tloc           ##........   10%         3    ##.....
 Lesser Beckoning         Tloc           ##........   10%         3    ##.....
 Teleport Other           Tloc           ##......     10%         3    ##.....
 Summon Forest            Summ/Tloc      ####......   10%         5    ######.
 Infusion                 Chrm           #...         12%         1    None
 Agony                    Necr           ###.....     12%         5    ######.
 Magic Dart               Conj           #...         13%         1    None
 Shock                    Conj/Air       #...         16%         1    None
 Confusing Touch          Hex            #.....       17%         1    None
 Corona                   Hex            #......      17%         1    None
 Song of Slaying          Chrm           #.......     17%         2    #......
 Searing Ray              Conj           #.....       21%         2    #......
 Swiftness                Chrm/Air       #.......     22%         2    #......
 Portal Projectile        Hex/Tloc       #.....       22%         3    ##.....
 Summon Mana Viper        Hex/Summ       ###.....     22%         5    ######.
 Ensorcelled Hibernation  Hex/Ice        #.....       26%         2    #......
 Slow                     Hex            #.......     26%         2    #......
 Conjure Flame            Conj/Fire      #.......     28%         3    ##.....
 Inner Flame              Hex/Fire       #.......     32%         3    ##.....
 Petrify                  Tmut/Erth      ##......     34%         4    ####...
 Spectral Weapon          Hex/Chrm       #.......     38%         3    ##.....
 Dazzling Flash           Conj/Hex       #.....       41%         3    ##.....
 Static Discharge         Conj/Air       #.......     41%         3    ##.....
 Mephitic Cloud           Conj/Pois/Air  #.......     43%         3    ##.....
 Confuse                  Hex            #.......     45%         3    ##.....
 Tukima's Dance           Hex            #.......     45%         3    ##.....
 Excruciating Wounds      Chrm/Necr      ###.......   52%         5    ######.
 Iskenderun's Mystic Bla  Conj/Tloc      ##......     54%         4    ####...
 Death Channel            Necr           ###.......   54%         6    #######
 Leda's Liquefaction      Hex/Erth       #.........   58%         4    ####...
 Sticky Flame             Conj/Fire      #.......     67%         4    ####...
 Lee's Rapid Deconstruct  Erth           ##........   67%         5    ######.
 Fulminant Prism          Conj/Hex       #.........   83%         4    ####...
 Airstrike                Air            #.........   86%         4    ####...
 Cause Fear               Hex            #.........   86%         4    ####...
 Olgreb's Toxic Radiance  Pois           #.......     86%         4    ####...
 Bolt of Magma            Conj/Fire/Erth ##........   88%         5    ######.
 Alistair's Intoxication  Tmut/Pois      #.......     93%         5    ######.
 Yara's Violent Unravell  Hex/Tmut       #.........   93%         5    ######.
 Fireball                 Conj/Fire      #.........   95%         5    ######.
 Iskenderun's Battlesphe  Conj/Chrm      #.......     98%         5    ######.
 Lightning Bolt           Conj/Air       #.........   99%         5    ######.
 Metabolic Englaciation   Hex/Ice        #.........   99%         5    ######.
 Silence                  Hex/Air        #.........   99%         5    ######.
 Dispersal                Tloc           ##........   99%         6    #######
 Conjure Ball Lightning   Conj/Air       #.........   100%        6    #######
 Darkness                 Hex            #.........   100%        6    #######
 Deflect Missiles         Chrm/Air       #.........   100%        6    #######
 Eringya's Noxious Bog    Tmut/Pois      #.........   100%        6    #######
 Invisibility             Hex            #.......     100%        6    #######
 Iron Shot                Conj/Erth      ##........   100%        6    #######
 Summon Hydra             Summ           #####.....   30%         7    #######
 Spellforged Servitor     Conj/Summ      ###.......   99%         7    #######
 Orb of Destruction       Conj           #.........   100%        7    #######
 Controlled Blink         Tloc           N/A          100%        8    #######
 Discord                  Hex            #.........   100%        8    #######
 Disjunction              Tloc           ##........   100%        8    #######
 Tornado                  Air            #.........   100%        9    #######
 Beastly Appendage        Tmut           Unusable     N/A         1    N/A
 Spider Form              Tmut/Pois      Unusable     N/A         3    N/A
 Passage of Golubria      Tloc           Unusable     N/A         4    N/A
 Ice Form                 Ice/Tmut       Unusable     N/A         4    N/A
 Blade Hands              Tmut           Unusable     N/A         5    N/A
 Hydra Form               Tmut           Unusable     N/A         6    N/A

Dungeon Overview and Level Annotations

Branches:
Dungeon (15/15)            Temple (1/1) D:5            Lair (6/6) D:11
  Swamp (4/4) Lair:2        Snake (4/4) Lair:3        Slime (0/5) Lair:6
    Orc (2/2) D:11            Elf (3/3) Orc:2        Vaults (5/5) D:14
  Crypt (3/3) Vaults:2       Tomb (0/3) Crypt:3      Depths (5/5) D:15
    Zot (5/5) Depths:5      IceCv (visited)

Altars:
Cheibriados
Elyvilon
Fedhas
Kikubaaqudgha
Makhleb
Sif Muna
Vehumet
Wu Jian
Xom
Zin
The Shining One
Beogh

Shops:
D:7 [   D:10 *   Orc:2 }=(!   Elf:2 [   Snake:3 %=%=   Vaults:2 %   Depths:1 %
Depths:4 =}=

Portals:
Hell: Lair:6 Depths:1 Depths:2 Depths:3 Depths:4 Depths:5
Abyss: Depths:1 Depths:2 Depths:4 Depths:5
Pandemonium: Depths:3
Ziggurat: Depths:4
Trove: Vaults:1 (give 2 scrolls of acquirement)

Annotations:
D:6 1 runed translucent door, Crazy Yiuf
Lair:6 hell ending
Swamp:3 exclusion: downstairs
Depths:3 1 transporter, the Enchantress
Zot:5 4 exclusions


Innate Abilities, Weirdness & Mutations

Your body is rotting away.
You thrive on raw meat.
You are immune to poison.
You have sharp fingernails.
You are carnivorous and can eat meat at any time.
Your flesh is cold resistant. (rC+)
You are immune to negative energy. (rN+++)
You do not regenerate when monsters are visible.
You are immune to unholy pain and torment.
You can survive without breathing.


Message History

You now have 5/35 mp.
Unknown command.
Here: Amitej (moderately wounded)
The floor.
Some rock shatters into small pieces.
The Hell Sentinel hits your burning bush!!
The Hell Sentinel hits your burning bush.
Your oklob plant spits acid at Amitej.
Fedhas protects your plant from harm. x2
The splash of acid hits Amitej.
Amitej is splashed with acid!
Your burning bush throws fire at Amitej.
Fedhas protects your plant from harm. x3
The puff of flame hits Amitej!
Amitej resists.
Your oklob plant spits acid at Amitej.
Fedhas protects your plant from harm. x2
The splash of acid hits Amitej!
Amitej is splashed with acid.
The acid corrodes Amitej!
Your burning bush throws fire at Amitej.
The puff of flame hits Amitej.
Amitej resists.
You have escaped!

.......#.......###.###.#.........
.#.#.#.....#...###.###.#....#....
.#.#.##.##.#.#.#.......#..[....#+
.................41..............
'###.#.#.#.###.##P....2..........
.......#.#.# #.P.P&P#.#####......
...........# #.fP.PP....♣.##.....
......##...###PPff.........#...##
......###..##.Pf@PP....♣..♣#.....
............P§PfPP.........#.....
#+#..#####.#P.PPPPP........##....
#.#........#♣..............♣###.#
.........#.#♣................#∩##
.........#.##.....♣.....⌠......##
.........#..##∩#...............##
....###.###.##.∩................#
........# #.####...............♣#


You could see Amitej, a Hell Sentinel, a cacodemon, a chaos spawn, 4 friendly
oklob plants, 5 friendly wandering mushrooms, 8 friendly burning bushes, 5
friendly ballistomycetes and 2 friendly oklob saplings.

Levels and vault maps discovered:
D:1:      nzn_arrival_settlement, layout_basic
D:2:      layout_rooms, minmay_circled_x
D:3:      layout_basic, fedhas_ov_isle_minmay
D:4:      layout_cave_pods, cheibriados_altar_1, first_ration, uniq_natasha
D:5:      layout_basic, minmay_overflow_temple_star_quad,
          minmay_temple_entry_proselytizer, grunt_ministairs_2, minivault_24,
          uniq_menkaure
D:6:      layout_basic, minmay_misc_feat_secret_circle, minmay_misc_feat_roman,
          uniq_crazy_yiuf_cottage
D:7:      layout_loops_ring, ebering_ghost_rock_garden, serial_shops,
          nicolae_shop_competitors_out_of_business
D:8:      layout_gridville, nicolae_overflow_crystal_walls
D:9:      layout_cave_pools
D:10:     layout_basic, serial_shops, kennysheep_little_box, onia_ninara_cookie
D:11:     layout_stronghold, due_lair_maze_entry_diamond, david_orc_2,
          hangedman_ranch [blue_anna_fruit_fields]
D:12:     layout_irregular_city, portal_ice_cave_rime
D:13:     layout_cave_pools, minmay_splitting_lines, minmay_nine_imps
D:14:     layout_roguey, ximxim_vaults_locker_room, serial_bayou_pond_e,
          minmay_between
D:15:     grunt_enter_depths_snipers, layout_basic, nrook_loot_triangle,
          uniq_josephine
Temple:   eino_temple_scatter_basement
Lair:1:   layout_roguey, kennysheep_abandoned_house, grunt_megastairs_2,
          serial_bayou_shore_a
Lair:2:   layout_gridlike, minmay_swamp_entry_worms, forest_entry_grove
Lair:3:   minmay_lair_oklob_tunnel, layout_regular_city,
          minmay_snake_entry_guardpost_small, serial_bayou_lagoon_a
Lair:4:   layout_gridlike, lemuel_another_geyser, uniq_urug
Lair:5:   dpeg_oklob_shooting_range, layout_loops_ring, uniq_rupert
Lair:6:   evil_forest, layout_gridlike, minmay_slime_entry_pillars
Swamp:1:  layout_falls_marsh, evilmike_swamp_ruin_house_2,
          infiniplex_staircase_pool_2
Swamp:2:  layout_basic_swamp, evilmike_swamp_ruin_wall, swamp_pool5
Swamp:3:  layout_falls_marsh, lemuel_altar_in_water
Swamp:4:  swamp_icy, layout_basic_swamp, swamp_pool1, infiniplex_staircase_pool,
          uniq_nikola, uniq_kirke
Snake:1:  layout_chambers
Snake:2:  layout_layer_cave, drop_trap
Snake:3:  layout_onion_interference, minmay_shoptagon
Snake:4:  grunt_snake_rune_spirals, layout_concentric_octagons,
          serial_bayou_ford_a, st_stairs_11, uniq_aizul
Orc:1:    layout_caves, basic_altar
Orc:2:    st_orc_town, layout_caves, basic_altar
Elf:1:    elf_arrival_002, layout_onion_city, minmay_elf_demonology, uniq_louise
Elf:2:    layout_loops_cross, serial_shops, shop
Elf:3:    minmay_elf_hall_curves, layout_onion_city, uniq_roxanne
Vaults:1: vaults_mumra_hex, v_pattern_4, vaults_mumra_chevron,
          nicolae_vaults_network_s, vaults_room_pools, vaults_dpeg_hooks,
          vaults_room_semicircle, vaults_room_pool, layout_vaults_omnigrid,
          nicolae_trove_entry_free_sample, serial_glass
Vaults:2: gammafunk_vaults_ghost_split, v_misc_29, v_alt_pattern_6,
          grunt_vaults_hallway_long, minmay_crypt_entry_simple_box,
          nicolae_vaults_know_your_exits, nicolae_vaults_sealed_display,
          v_misc_11, vaults_mumra_minichess, vaults_room_hallway,
          vaults_dpeg_diagonal, v_misc_13, grunt_vaults_funnel,
          layout_vaults_big_room, serial_shops,
          nicolae_shop_competitors_out_of_business, uniq_frederick
Vaults:3: gammafunk_vaults_ghost_necromancy, grunt_vaults_diagonal,
          hangedman_vaults_locks, ontoclasm_vaults_chip, vaults_dpeg_spiral,
          hangedman_vaults_pinch, vaults_room_large_hall, v_misc_16,
          nicolae_vaults_circle_grid_a, nicolae_vaults_little_squares_1,
          nicolae_vaults_little_squares_1, nicolae_vaults_network_quinsquares
          [nicolae_vaults_network_quincunx_subvault,
          nicolae_vaults_network_quincunx_subvault,
          nicolae_vaults_network_quincunx_subvault,
          nicolae_vaults_network_quincunx_subvault], layout_vaults_omnibox
Vaults:4: nicolae_vaults_triangles, nicolae_vaults_fighting_squares,
          grunt_vaults_focal, v_misc_18, hangedman_vaults_hat,
          hangedman_vaults_stitches, vaults_dpeg_cross, v_misc_24,
          ontoclasm_vaults_ring_square, nicolae_vaults_big_angled_halls,
          hangedman_vaults_maws, nicolae_vaults_alarming,
          nicolae_vaults_little_ls, layout_vaults_maze_bifur
Vaults:5: serial_shops
Crypt:1:  layout_rooms, minmay_strange_pillars, uniq_donald, uniq_bai_suzhen,
          uniq_xtahua
Crypt:2:  layout_misc_corridors, ebering_dispersal_statue_hall
Crypt:3:  evilmike_haunted_forest
Depths:1: layout_cave_shapes, hangedman_abyss_entry_splay, serial_shops,
          nicolae_shop_stone, grunt_hell_entry_dis_old, roderic_lattice_a,
          drop_trap, minmay_crystal_room, hangedman_decor_diamond_cutter,
          minmay_strange_pillars, columned_hall_lemuel, hangedman_decor_growths,
          lightli_giant_bouncers
Depths:2: minmay_bloctagon, layout_basic, old_standard_altar,
          gammafunk_ghost_necromancy, abyss_entry, lightli_too_deep,
          grunt_megastairs_5
Depths:3: gammafunk_the_bubble [the_bubble_gammafunk_grid], layout_gridlike,
          pan_entry, serial_bayou_shore_b, hell_entry, lemuel_flamethrower_3,
          uniq_enchantress
Depths:4: wad_courtyard, layout_basic, enter_ziggurat_d, minmay_room_of_horrors,
          chequers_serial_rivers_micro_e, special_room
          [special_room_mythical_zoo], hell_entry, minmay_shop_grove
Depths:5: hangedman_spin_cycle, hell_entry, abyss_entry
Zot:1:    layout_onion_interference
Zot:2:    layout_cathedral_of_symmetry
Zot:3:    gammafunk_its_a_trap, layout_misc_corridors, ebering_ghost_inner_flame
Zot:4:    layout_onion, zot_minivault_1
Zot:5:    layout_misc_corridors

Notes
Turn   | Place    | Note
-------+----------+-------------------------------------------
     0 | D:1      | hittemvvvvvvvvvvhard the Ghoul Fire Elementalist began the
                  | quest for the Orb.
     0 | D:1      | Reached XP level 1. HP: 14/14 MP: 2/2
   395 | D:1      | Reached skill level 1 in Fighting
   395 | D:1      | Reached skill level 1 in Unarmed Combat
   408 | D:1      | Reached XP level 2. HP: 19/23 MP: 3/3
  1335 | D:2      | Reached XP level 3. HP: 28/29 MP: 4/4
  1349 | D:2      | Reached skill level 2 in Fighting
  1349 | D:2      | Reached skill level 2 in Unarmed Combat
  1694 | D:2      | Reached skill level 3 in Unarmed Combat
  1694 | D:2      | Reached XP level 4. HP: 23/36 MP: 5/5
  2558 | D:3      | Reached skill level 4 in Unarmed Combat
  3007 | D:3      | Reached XP level 5. HP: 36/41 MP: 6/6
  3285 | D:3      | Found a blossoming altar of Fedhas.
  3371 | D:3      | Became a worshipper of Fedhas Madash
  3937 | D:3      | Found a blossoming altar of Fedhas.
  4014 | D:3      | Reached skill level 5 in Unarmed Combat
  4337 | D:4      | Noticed an ogre
  4606 | D:4      | Noticed Natasha
  4607 | D:4      | Upgraded the game from 0.25-a0-287-g56a5b49892 to
                  | 0.25-a0-290-g4a1327ee3a
  4614 | D:4      | Killed Natasha
  4614 | D:4      | Reached XP level 6. HP: 39/46 MP: 7/7
  4671 | D:4      | Found a snail-covered altar of Cheibriados.
  4701 | D:4      | Reached skill level 6 in Unarmed Combat
  5281 | D:4      | Reached skill level 7 in Unarmed Combat
  5380 | D:5      | Entered Level 5 of the Dungeon
  5427 | D:5      | Reached * piety under Fedhas
  5531 | D:5      | Reached XP level 7. HP: 55/55 MP: 8/8
  5710 | D:5      | You fall into a shaft and drop 1 floor!
  5979 | D:6      | Reached skill level 8 in Unarmed Combat
  6056 | D:6      | Reached skill level 2 in Dodging
  6219 | D:6      | Reached skill level 1 in Armour
  6306 | D:6      | Reached skill level 3 in Fighting
  6310 | D:6      | Reached XP level 8. HP: 53/63 MP: 9/9
  6638 | D:6      | Reached skill level 2 in Armour
  7011 | D:6      | Found a runed translucent door.
  7012 | D:6      | Noticed Crazy Yiuf
  7073 | D:5      | Noticed Menkaure
  7107 | D:7      | Found Waam's Armour Shop.
  7129 | D:7      | Reached skill level 4 in Fighting
  7200 | D:7      | Reached skill level 3 in Armour
  7200 | D:7      | Reached skill level 9 in Unarmed Combat
  7365 | D:7      | Noticed a hippogriff
  7371 | D:7      | Noticed a hippogriff
  7555 | D:7      | Reached ** piety under Fedhas
  7555 | D:7      | Reached skill level 5 in Fighting
  7795 | D:7      | Reached XP level 9. HP: 60/72 MP: 10/10
  7961 | D:7      | Reached skill level 4 in Armour
  8500 | D:7      | Reached skill level 6 in Fighting
  8682 | D:7      | Reached skill level 10 in Unarmed Combat
  9039 | D:7      | Reached skill level 7 in Fighting
  9133 | D:7      | Found a runed translucent gate.
  9134 | D:7      | Found a runed translucent gate.
  9134 | D:7      | Found a runed translucent gate.
  9163 | D:7      | Reached skill level 8 in Fighting
  9212 | D:7      | Noticed skk's ghost (novice FoFi)
  9538 | D:7      | Bought a +0 shield of protection for 172 gold pieces
  9592 | D:8      | Reached skill level 1 in Invocations
  9760 | D:7      | Reached skill level 1 in Shields
  9768 | D:7      | Reached *** piety under Fedhas
  9783 | D:7      | HP: 17/81 [killer bee (4)]
 10058 | D:7      | Reached skill level 2 in Invocations
 10058 | D:7      | Reached XP level 10. HP: 82/88 MP: 11/11
 10108 | D:8      | Found an ancient bone altar of Kikubaaqudgha.
 10113 | D:8      | Reached skill level 3 in Invocations
 10188 | D:8      | Reached skill level 4 in Invocations
 10450 | D:8      | Reached skill level 5 in Invocations
 10710 | D:9      | Reached skill level 6 in Invocations
 10931 | D:9      | Reached skill level 7 in Invocations
 11339 | D:10     | Entered Level 10 of the Dungeon
 11345 | D:10     | Got a spiked chain mail
 11356 | D:10     | Identified the +1 chain mail "Mavy" {rCorr Dex+4 Stlth-}
                  | (You found it on level 10 of the Dungeon)
 11518 | D:10     | Got a jewelled leather armour
 11583 | D:10     | Identified the cursed +0 leather armour "Sycehiga" {rC+}
                  | (You found it on level 10 of the Dungeon)
 11706 | D:10     | Reached skill level 8 in Invocations
 12020 | D:10     | Reached skill level 2 in Shields
 12214 | D:10     | Got an ebony falchion
 12262 | D:10     | Got a transparent rapier
 12263 | D:10     | Identified the +3 rapier "Zoloegeb" {freeze, rPois rF+ rC-
                  | Int+4} (You found it on level 10 of the Dungeon)
 12464 | D:10     | Reached skill level 3 in Dodging
 12497 | D:10     | Paralysed by a floating eye for 2 turns
 12503 | D:10     | Reached XP level 11. HP: 87/94 MP: 16/16
 12526 | D:10     | Reached skill level 3 in Shields
 12650 | D:10     | Paralysed by a floating eye for 4 turns
 12657 | D:10     | Paralysed by a floating eye for 2 turns
 12773 | D:10     | Found Goyted's General Store.
 12778 | D:10     | Bought a scroll of identify for 28 gold pieces
 12778 | D:10     | Bought a scroll of teleportation for 42 gold pieces
 13269 | D:11     | Reached skill level 5 in Armour
 13285 | D:11     | Reached skill level 9 in Invocations
 13403 | D:11     | Reached skill level 4 in Shields
 13631 | D:11     | Noticed a three-headed hydra
 13641 | D:11     | Killed a three-headed hydra
 13641 | D:11     | Reached skill level 9 in Fighting
 13738 | D:11     | Found a staircase to the Lair.
 13752 | D:11     | Reached **** piety under Fedhas
 13864 | D:11     | Reached skill level 4 in Dodging
 13986 | D:11     | Found a staircase to the Orcish Mines.
 14044 | D:11     | Reached skill level 5 in Shields
 14487 | D:11     | Noticed a cyclops
 14503 | D:11     | Killed a cyclops
 14503 | D:11     | Reached skill level 11 in Unarmed Combat
 14780 | Lair:1   | Entered Level 1 of the Lair of Beasts
 15289 | Lair:1   | Noticed a five-headed hydra
 15330 | Lair:1   | Killed a five-headed hydra
 15330 | Lair:1   | Reached skill level 6 in Armour
 15330 | Lair:1   | Reached XP level 12. HP: 54/105 MP: 17/17
 15511 | Lair:1   | Reached skill level 6 in Shields
 16486 | Lair:2   | Reached skill level 1 in Evocations
 16496 | Lair:2   | Reached skill level 5 in Dodging
 16910 | Lair:2   | Found a staircase to the Swamp.
 17068 | Lair:2   | Reached skill level 2 in Evocations
 17504 | Lair:2   | Reached skill level 10 in Fighting
 17504 | Lair:2   | Reached skill level 7 in Shields
 17873 | Lair:3   | Found a staircase to the Snake Pit.
 18025 | Lair:3   | Identified the Collected Works on Evil Rites
 18228 | Lair:3   | Identified the +6 falchion of Jyfyuhuk {venom, Int+2} (You
                  | found it on level 10 of the Dungeon)
 18549 | Lair:4   | Noticed Urug
 18651 | Lair:3   | Reached skill level 3 in Evocations
 18922 | Lair:4   | Reached skill level 7 in Armour
 19035 | Lair:4   | Noticed a death yak
 19042 | Lair:4   | Noticed a death yak
 19074 | Lair:4   | Noticed a death yak
 19074 | Lair:4   | Noticed a death yak
 19104 | Lair:4   | Killed a death yak
 19104 | Lair:4   | Reached skill level 8 in Shields
 19104 | Lair:4   | Reached skill level 12 in Unarmed Combat
 19111 | Lair:4   | Killed a death yak
 19111 | Lair:4   | Reached XP level 13. HP: 33/113 MP: 10/18
 19138 | Lair:4   | Reached skill level 4 in Evocations
 19648 | Lair:4   | Killed Urug
 19994 | Lair:5   | Reached skill level 8 in Armour
 19999 | Lair:5   | Reached skill level 5 in Evocations
 20710 | Lair:5   | Got a bloodstained long sword
 20711 | Lair:5   | Identified the +6 long sword "Puitatt" {slice, rPois} (You
                  | found it on level 5 of the Lair of Beasts)
 20714 | Lair:5   | Noticed Rupert
 20788 | Lair:5   | Killed Rupert
 21311 | Lair:6   | Entered Level 6 of the Lair of Beasts
 21471 | Lair:6   | Found a staircase to the Slime Pits.
 22290 | Lair:6   | Reached skill level 6 in Evocations
 22831 | Lair:6   | Reached skill level 6 in Dodging
 23264 | Lair:6   | Reached XP level 14. HP: 85/122 MP: 19/19
 23736 | D:5      | Killed Menkaure
 23952 | D:5      | Found a glowing golden altar of the Shining One.
 23955 | D:5      | Found a glowing silver altar of Zin.
 23958 | D:5      | Found a burning altar of Makhleb.
 24214 | D:5      | Found a staircase to the Ecumenical Temple.
 24247 | Temple   | Entered the Ecumenical Temple
 25100 | D:7      | Killed skk's ghost
 25268 | Orc:1    | Entered Level 1 of the Orcish Mines
 25373 | D:11     | Reached skill level 9 in Shields
 25553 | Orc:1    | Noticed a stone giant
 25575 | Orc:2    | Entered Level 2 of the Orcish Mines
 25575 | Orc:2    | Found a staircase to the Elven Halls.
 25589 | Orc:2    | Reached skill level 9 in Armour
 25697 | Orc:1    | Reached skill level 11 in Fighting
 25702 | Orc:1    | Killed a stone giant
 25928 | Orc:1    | Paralysed by an orc sorcerer for 6 turns
 26182 | Orc:1    | Found a roughly hewn altar of Beogh.
 26615 | Orc:2    | Noticed a stone giant
 26662 | Orc:2    | Killed a stone giant
 27811 | Orc:2    | Reached skill level 13 in Unarmed Combat
 27883 | Orc:2    | Reached skill level 7 in Evocations
 28465 | Orc:2    | Found Oghahech's Distillery.
 28465 | Orc:2    | Found Lidein's Weapon Shop.
 28475 | Orc:2    | Found a roughly hewn altar of Beogh.
 28622 | Orc:2    | Found a roughly hewn altar of Beogh.
 28764 | Orc:2    | Found Entuecuu's Jewellery Shoppe.
 28764 | Orc:2    | Found Docejare's Gadget Shop.
 28773 | Orc:2    | Reached skill level 7 in Dodging
 28862 | Orc:2    | Bought a wand of polymorph (11) for 156 gold pieces
 28862 | Orc:2    | Bought a wand of paralysis (11) for 156 gold pieces
 28931 | Orc:2    | Bought a potion of heal wounds for 80 gold pieces
 28931 | Orc:2    | Bought a potion of haste for 160 gold pieces
 28931 | Orc:2    | Bought a potion of heal wounds for 80 gold pieces
 28931 | Orc:2    | Bought 2 potions of heal wounds for 160 gold pieces
 28931 | Orc:2    | Bought a potion of agility for 64 gold pieces
 29038 | D:12     | Found a frozen archway.
 29057 | IceCv    | Entered an ice cave
 29118 | IceCv    | Found a transporter.
 29139 | IceCv    | Found a transporter.
 30802 | D:13     | Reached XP level 15. HP: 58/132 MP: 20/20
 31146 | D:13     | Reached ***** piety under Fedhas
 32725 | D:14     | Reached skill level 10 in Shields
 32846 | D:14     | Reached skill level 12 in Fighting
 32920 | D:14     | Reached skill level 10 in Armour
 33458 | D:14     | Reached skill level 8 in Evocations
 33690 | D:14     | Reached skill level 8 in Dodging
 33834 | D:14     | Found a gate to the Vaults.
 33980 | D:15     | Entered Level 15 of the Dungeon
 35023 | D:15     | Noticed Josephine
 35040 | D:15     | Killed Josephine
 35376 | D:15     | Identified the +2 robe of Ucach {rPois Regen+ Str-5 Stlth+}
 35377 | D:15     | Reached skill level 14 in Unarmed Combat
 35671 | D:15     | Found a staircase to the Depths.
 36386 | Swamp:1  | Entered Level 1 of the Swamp
 36405 | Swamp:1  | Reached ****** piety under Fedhas
 36405 | Swamp:1  | Reached XP level 16. HP: 106/138 MP: 21/21
 37432 | Swamp:1  | Reached skill level 9 in Evocations
 38225 | Swamp:2  | Reached skill level 13 in Fighting
 38614 | Swamp:2  | Reached skill level 11 in Shields
 39936 | Swamp:3  | Reached skill level 11 in Armour
 41794 | Swamp:3  | Found a shimmering blue altar of Sif Muna.
 42027 | Swamp:4  | Entered Level 4 of the Swamp
 42177 | Swamp:4  | Reached skill level 10 in Invocations
 42485 | Orc:2    | Bought the ring "Tixtideti" {rElec rPois Int+3 Stlth+} for
                  | 630 gold pieces
 42485 | Orc:2    | Bought a +6 amulet of reflection for 877 gold pieces
 42658 | Swamp:4  | Noticed Nikola
 42658 | Swamp:4  | Noticed Kirke
 42886 | Elf:1    | Entered Level 1 of the Elven Halls
 43702 | Elf:1    | Reached XP level 17. HP: 123/150 MP: 23/23
 43865 | Elf:1    | Noticed a deep elf demonologist
 43872 | Elf:1    | Noticed an Ice Fiend
 44136 | Snake:1  | Entered Level 1 of the Snake Pit
 44897 | Snake:1  | Reached skill level 10 in Evocations
 45014 | Snake:1  | Reached skill level 15 in Unarmed Combat
 48185 | Snake:2  | Reached skill level 14 in Fighting
 48367 | Snake:2  | Reached skill level 11 in Invocations
 49234 | Snake:3  | Found Atinytrawk's Jewellery Shop.
 49290 | Snake:3  | Reached skill level 12 in Shields
 49669 | Snake:3  | hittemvvvvvvvvvvhard: !calc 28 + 8 + 19
 49669 | Snake:3  | beem: 55
 49679 | Snake:3  | hittemvvvvvvvvvvhard: !calc 25 + 6 + 24
 49679 | Snake:3  | beem: 55
 49722 | Snake:3  | Found Noham's Food Shop.
 49722 | Snake:3  | Found Acysukoi's Jewellery Boutique.
 49727 | Snake:3  | Found Vif Kuefri's Food Boutique.
 49923 | Snake:3  | Reached skill level 12 in Armour
 50040 | Snake:3  | Got a jewelled ring mail
 50322 | Snake:3  | Identified the +4 ring mail "Amauroev" {rF++ Str+10 Dex-3}
                  | (You found it on level 3 of the Snake Pit)
 50353 | Snake:4  | Entered Level 4 of the Snake Pit
 50367 | Snake:4  | hittemvvvvvvvvvvhard: !calc 22 + 12 +20
 50367 | Snake:4  | beem: 54
 50657 | Snake:4  | Reached XP level 18. HP: 160/160 MP: 18/25
 51361 | Snake:4  | Noticed Aizul
 51378 | Snake:4  | Killed Aizul
 52256 | Snake:4  | Reached skill level 12 in Invocations
 52409 | Snake:4  | Reached skill level 16 in Unarmed Combat
 52662 | Snake:4  | Reached skill level 15 in Fighting
 53034 | Snake:4  | Reached skill level 13 in Shields
 53188 | Snake:4  | Reached skill level 13 in Armour
 53213 | Snake:4  | Got a serpentine rune of Zot
 53808 | Snake:4  | Reached skill level 14 in Shields
 54244 | Swamp:4  | Reached XP level 19. HP: 169/169 MP: 27/27
 54376 | Swamp:4  | Killed Nikola
 54687 | Swamp:3  | Killed Kirke
 55722 | Swamp:4  | Got a decaying rune of Zot
 56024 | Vaults:1 | Entered Level 1 of the Vaults
 56509 | Vaults:1 | Reached skill level 15 in Shields
 56512 | Vaults:1 | Learned a level 1 spell: Animate Skeleton
 56515 | Vaults:1 | Learned a level 2 spell: Corpse Rot
 56519 | Vaults:1 | Learned a level 3 spell: Regeneration
 56523 | Vaults:1 | Learned a level 3 spell: Vampiric Draining
 56528 | Vaults:1 | Learned a level 4 spell: Animate Dead
 56547 | Vaults:1 | Reached skill level 2 in Spellcasting
 56559 | Vaults:1 | Reached skill level 1 in Necromancy
 56706 | Vaults:1 | Found a portal to a secret trove of treasure.
 56756 | Vaults:1 | Reached skill level 2 in Necromancy
 56935 | Vaults:1 | Reached skill level 3 in Spellcasting
 56956 | Vaults:1 | Reached skill level 3 in Necromancy
 57800 | Vaults:1 | Reached skill level 4 in Necromancy
 57803 | Vaults:1 | Reached skill level 4 in Spellcasting
 58510 | Vaults:1 | Reached skill level 5 in Necromancy
 58907 | Vaults:2 | Reached skill level 5 in Spellcasting
 59026 | Vaults:2 | Reached skill level 6 in Necromancy
 59119 | Vaults:2 | Reached skill level 6 in Spellcasting
 59130 | Vaults:2 | Identified the +2 robe "Lomugh" {rN+}
 59164 | Vaults:2 | Reached skill level 7 in Necromancy
 59178 | Vaults:2 | Reached XP level 20. HP: 141/178 MP: 8/28
 59325 | Vaults:2 | Identified a scroll of acquirement
 59875 | Vaults:2 | Noticed Frederick
 59895 | Vaults:2 | Killed Frederick
 59895 | Vaults:2 | Reached skill level 7 in Spellcasting
 59895 | Vaults:2 | Reached skill level 8 in Necromancy
 60352 | Vaults:2 | Found a runed translucent gate.
 60353 | Vaults:2 | Found a runed translucent gate.
 60354 | Vaults:2 | Found a runed translucent gate.
 60355 | Vaults:2 | Noticed Geloitur's ghost (veteran SpEE)
 60452 | Vaults:2 | Reached skill level 9 in Necromancy
 60534 | Vaults:2 | Found Huaq Vil's Food Shop.
 60576 | Vaults:2 | Found a staircase to the Crypt.
 61398 | Vaults:3 | Got an encrusted hand crossbow
 61399 | Vaults:3 | Identified the +9 hand crossbow of the Puffin {penet, rC+}
                  | (You found it on level 3 of the Vaults)
 61859 | Vaults:3 | Found a runed translucent gate.
 61859 | Vaults:3 | Found a runed translucent gate.
 61859 | Vaults:3 | Found a runed translucent gate.
 61859 | Vaults:3 | Noticed a lich
 61861 | Vaults:3 | Noticed Faedia's ghost (adept GnWn)
 62680 | Vaults:3 | Noticed an entropy weaver
 62693 | Vaults:3 | Killed an entropy weaver
 63223 | Vaults:4 | Noticed an entropy weaver
 63238 | Vaults:4 | Killed an entropy weaver
 63412 | Vaults:4 | Reached skill level 9 in Dodging
 63643 | Vaults:4 | Reached XP level 21. HP: 167/185 MP: 30/30
 63863 | Vaults:4 | Got a transparent scale mail
 63874 | Vaults:4 | Identified the cursed +0 scale mail of the Armoured One
                  | {rF- rN++ MR+ rCorr} (You found it on level 4 of the
                  | Vaults)
 64063 | Vaults:4 | Reached skill level 13 in Invocations
 64261 | Vaults:4 | Reached skill level 11 in Evocations
 64800 | Vaults:4 | Reached skill level 16 in Fighting
 65159 | Vaults:4 | Noticed a juggernaut
 65183 | Vaults:4 | Killed a juggernaut
 65183 | Vaults:4 | Reached skill level 14 in Armour
 65198 | Vaults:4 | HP: 28/188 [frost giant/+1 battleaxe of freezing (21)]
 65209 | Vaults:4 | HP: 44/188 [something (2)]
 65575 | Vaults:4 | Reached skill level 10 in Dodging
 65976 | Crypt:1  | Entered Level 1 of the Crypt
 65977 | Crypt:1  | Upgraded the game from 0.25-a0-290-g4a1327ee3a to
                  | 0.25-a0-292-gaa31f046c4
 66119 | Vaults:2 | Learned a level 2 spell: Blink
 66146 | Crypt:1  | Noticed Xtahua
 66289 | Crypt:1  | You fall into a shaft and drop 1 floor!
 66316 | Crypt:2  | Reached skill level 1 in Translocations
 66546 | Crypt:1  | Noticed a curse skull
 66561 | Crypt:1  | Killed a curse skull
 66562 | Crypt:1  | Noticed Bai Suzhen
 66562 | Crypt:1  | Noticed a curse skull
 66586 | Crypt:2  | Reached skill level 2 in Translocations
 66840 | Crypt:3  | Entered Level 3 of the Crypt
 67255 | Crypt:2  | Reached skill level 3 in Translocations
 68021 | Crypt:2  | Killed a curse skull
 68124 | Crypt:1  | Killed Bai Suzhen
 68124 | Crypt:1  | Reached skill level 4 in Translocations
 68129 | Crypt:1  | Killed Xtahua
 68150 | Crypt:1  | Noticed Donald
 68157 | Crypt:1  | Killed Donald
 68157 | Crypt:1  | Reached XP level 22. HP: 120/193 MP: 22/31
 69409 | Crypt:3  | Reached skill level 11 in Dodging
 69413 | Crypt:3  | Reached skill level 17 in Fighting
 70201 | Crypt:3  | Found a staircase to the Tomb.
 70492 | Crypt:3  | Reached skill level 15 in Armour
 70580 | Crypt:3  | Found an ancient bone altar of Kikubaaqudgha.
 70935 | Crypt:3  | Identified the cursed +0 glaive of Prudence {vamp, rPois
                  | rN+ Str+4}
 70935 | Crypt:3  | Noticed an ancient lich
 70936 | Crypt:3  | Found the +8 demon blade "Leech" {vamp, rN+ AC-3 EV-3}
 70947 | Crypt:3  | Killed an ancient lich
 70954 | Crypt:3  | Noticed an ancient lich
 70972 | Crypt:3  | Killed an ancient lich
 70972 | Crypt:3  | Reached skill level 12 in Dodging
 71309 | Crypt:3  | Noticed a lich
 71316 | Crypt:3  | Killed a lich
 71568 | Crypt:3  | Noticed a curse skull
 71585 | Crypt:3  | Killed a curse skull
 71635 | Crypt:3  | Noticed a curse skull
 71670 | Crypt:3  | Killed a curse skull
 71685 | Crypt:3  | Got an encrusted chain mail
 71686 | Crypt:3  | Identified the +4 chain mail of Poqugh {*Drain +Fly Str+10
                  | Dex-5} (You found it on level 3 of the Crypt)
 72033 | Crypt:3  | Learned a level 1 spell: Apportation
 72035 | Crypt:3  | Learned a level 1 spell: Summon Butterflies
 72350 | Elf:1    | Noticed Louise
 72374 | Elf:1    | Killed a deep elf demonologist
 72385 | Elf:1    | Killed Louise
 72385 | Elf:1    | Reached skill level 1 in Summonings
 72567 | Elf:1    | Identified the Incunabulum of the Escort
 72639 | Elf:1    | Reached skill level 2 in Summonings
 73355 | Elf:2    | Found a runed translucent gate.
 73355 | Elf:2    | Found a runed translucent gate.
 73361 | Elf:2    | Found a runed translucent gate.
 73390 | Elf:2    | Reached skill level 3 in Summonings
 73461 | Elf:2    | Reached skill level 18 in Fighting
 73708 | Elf:2    | Found Likk's Armour Emporium.
 74011 | Elf:2    | Reached XP level 23. HP: 198/209 MP: 32/32
 74302 | Elf:2    | Reached skill level 13 in Dodging
 75068 | Snake:3  | Bought the ring of Phasing {EV+8} for 1920 gold pieces
 75068 | Snake:3  | Found the ring of Phasing {EV+8}
 75331 | Lair:6   | Found a burning altar of Makhleb.
 75338 | Lair:6   | Found a gateway to Hell.
 75804 | Snake:3  | Bought the amulet of Xioracuy {Spirit rElec rPois rF+
                  | Str+2} for 712 gold pieces
 76245 | Vaults:2 | Killed Geloitur's ghost
 76531 | Vaults:2 | Identified the Catalogue of the Poisonous Entourage
 76958 | Vaults:4 | Killed Faedia's ghost
 77207 | Vaults:3 | Killed a lich
 77494 | Depths:1 | Entered Level 1 of the Depths
 77890 | Depths:1 | Found a one-way gate to the infinite horrors of the Abyss.
 78197 | Depths:1 | Reached skill level 19 in Fighting
 78311 | Depths:1 | Found a runed translucent door.
 78371 | Depths:1 | Reached skill level 14 in Dodging
 78906 | Depths:1 | Found Wad Puim's Food Boutique.
 79084 | Depths:1 | Reached skill level 4 in Summonings
 80021 | Depths:1 | Reached skill level 5 in Summonings
 80685 | Depths:1 | Learned a level 5 spell: Summon Demon
 80692 | Depths:1 | Learned a level 6 spell: Shadow Creatures
 80698 | Depths:1 | Learned a level 5 spell: Aura of Abjuration
 80702 | Depths:1 | Learned a level 3 spell: Recall
 80753 | Depths:1 | Reached skill level 6 in Summonings
 80944 | Depths:1 | Reached skill level 8 in Spellcasting
 81304 | Depths:2 | Noticed a lich
 81318 | Depths:2 | Killed a lich
 81457 | Depths:2 | Reached skill level 7 in Summonings
 81536 | Depths:2 | Reached XP level 24. HP: 114/221 MP: 5/34
 81936 | Depths:2 | Found a radiant altar of Vehumet.
 82174 | Depths:2 | Reached skill level 8 in Summonings
 82462 | Depths:2 | Found a runed translucent gate.
 82470 | Depths:2 | Found a runed translucent gate.
 82470 | Depths:2 | Found a runed translucent gate.
 82474 | Depths:2 | Noticed TheNamelessOne's ghost (adept FoFi)
 82877 | Depths:2 | Reached skill level 9 in Spellcasting
 82877 | Depths:2 | Noticed a lich
 83268 | Depths:2 | Reached skill level 9 in Summonings
 83278 | Depths:2 | Paralysed by a lich for 2 turns
 83281 | Depths:2 | Killed a lich
 83867 | Depths:3 | Noticed the Enchantress
 83869 | Depths:3 | Found a transporter.
 83949 | Depths:3 | Identified the ring of Alubragg {Wiz Dex+3}
 84079 | Depths:3 | Found a transporter.
 84116 | Depths:3 | Reached skill level 10 in Summonings
 84716 | Depths:3 | Paralysed by a floating eye for 2 turns
 84719 | Depths:3 | Paralysed by a floating eye for 3 turns
 84727 | Depths:3 | Found a one-way gate leading to the halls of Pandemonium.
 85029 | Depths:3 | Reached skill level 11 in Summonings
 85285 | Depths:3 | Got a wizard robe
 85543 | Depths:3 | Identified the +1 robe "Eruext" {+Inv rPois Str+3 Slay-3}
                  | (You found it on level 3 of the Depths)
 87121 | Depths:4 | Reached skill level 12 in Summonings
 88063 | Depths:4 | Reached skill level 13 in Summonings
 88350 | Depths:4 | Paralysed by something for 3 turns
 88872 | Depths:4 | Found a gateway to a ziggurat.
 89119 | Depths:4 | Reached XP level 25. HP: 221/224 MP: 35/35
 89446 | Depths:4 | Reached skill level 14 in Summonings
 90002 | Depths:4 | Paralysed by a floating eye for 4 turns
 90008 | Depths:4 | Paralysed by a floating eye for 4 turns
 90476 | Depths:4 | Found Fyochem's Jewellery Emporium.
 90478 | Depths:4 | Found Ceythidaoro's Gadget Shop.
 90479 | Depths:4 | Found Biywad's Jewellery Emporium.
 91107 | Depths:5 | Entered Level 5 of the Depths
 91223 | Depths:5 | Reached skill level 15 in Summonings
 91415 | Depths:5 | Paralysed by a floating eye for 2 turns
 91523 | Depths:5 | Identified the Compendium of Ghastly Envenoming
 91671 | Depths:5 | Noticed an ancient lich
 91688 | Depths:5 | Killed an ancient lich
 91792 | Depths:5 | Paralysed by a great orb of eyes for 5 turns
 91803 | Depths:5 | Reached skill level 12 in Evocations
 91933 | Depths:5 | Identified the ring "Doiger" {+Fly rPois rF+ rC- Dex+2}
                  | (You found it on level 5 of the Depths)
 92089 | Depths:5 | Identified the ring "Guoturphueb" {rC+ MP-9 Str+3 Slay+2
                  | SInv}
 92713 | Depths:5 | Reached skill level 13 in Evocations
 93158 | Depths:5 | Noticed a lich
 93174 | Depths:5 | Killed a lich
 93253 | Depths:5 | Found a gate to the Realm of Zot.
 93385 | Depths:5 | Identified the ring "Gett" {Wiz *Slow rPois rN+} (You found
                  | it on level 5 of the Depths)
 93470 | Depths:5 | Found a shimmering altar of Xom.
 93556 | Depths:5 | Noticed a lich
 93560 | Depths:5 | Noticed a Brimstone Fiend
 93575 | Depths:5 | Killed a lich
 93920 | Depths:2 | Reached skill level 14 in Evocations
 94066 | Depths:2 | Killed TheNamelessOne's ghost
 94618 | Elf:3    | Entered Level 3 of the Elven Halls
 94757 | Elf:3    | Noticed a deep elf sorcerer
 94765 | Elf:3    | Killed a deep elf sorcerer
 95041 | Elf:3    | Reached XP level 26. HP: 191/235 MP: 5/35
 95424 | Elf:3    | Noticed a deep elf demonologist
 95429 | Elf:3    | Killed a deep elf demonologist
 95458 | Elf:3    | Noticed a deep elf sorcerer
 95475 | Elf:3    | Killed a deep elf sorcerer
 95589 | Elf:3    | Noticed a deep elf sorcerer
 95599 | Elf:3    | Killed a deep elf sorcerer
 95806 | Elf:3    | Noticed Roxanne
 95938 | Elf:3    | Reached skill level 15 in Evocations
 95959 | Elf:3    | Killed Roxanne
 96033 | Elf:3    | Noticed a deep elf sorcerer
 96055 | Elf:3    | Killed a deep elf sorcerer
 96066 | Elf:3    | Identified the cursed +0 scythe of Battle {freeze, *Noise
                  | rF+ MR+ Int+8}
 96268 | Elf:3    | Noticed a deep elf demonologist
 96273 | Elf:3    | Killed a deep elf demonologist
 96602 | Elf:3    | Identified the +2 halberd of Vuhytena {chaos, rPois Str+3}
 96728 | Elf:3    | Identified the Handbook of Bewitchment
 96731 | Elf:3    | Identified the Compendium of the Shifting Voyage
 96764 | Elf:3    | Identified the +2 pair of boots of Boiling Hail {*Slow +Inv
                  | Int+2 SInv} (You found it on level 3 of the Elven Halls)
 97145 | Depths:4 | Bought a wand of acid (8) for 336 gold pieces
 97145 | Depths:4 | Bought a phantom mirror for 420 gold pieces
 97155 | Depths:4 | Bought a wand of acid (6) for 280 gold pieces
 97482 | Vaults:5 | Entered Level 5 of the Vaults
 98135 | Vaults:5 | Noticed an ancient lich
 98449 | Vaults:5 | Noticed a Brimstone Fiend
 98560 | Vaults:5 | Noticed a lich
 98730 | Vaults:5 | HP: 54/236 [deep elf high priest/divine providence (7)]
 98965 | Vaults:5 | Reached skill level 17 in Unarmed Combat
 99343 | Vaults:5 | Reached skill level 1 in Charms
 99359 | Vaults:5 | HP: 56/237 [disintegration (31)]
 99361 | Vaults:5 | Killed a lich
 99467 | Vaults:5 | Learned a level 2 spell: Passwall
 99569 | Vaults:5 | Killed an ancient lich
 99569 | Vaults:5 | Reached skill level 1 in Transmutations
 99569 | Vaults:5 | Reached skill level 1 in Earth Magic
 99603 | Vaults:5 | Identified the cursed +3 shortbow of Imminent Death
                  | {velocity, rElec Dex+7}
 99780 | Vaults:5 | Reached skill level 2 in Earth Magic
 99895 | Vaults:5 | Reached skill level 2 in Transmutations
100021 | Vaults:5 | Found the -2 hat of the Alchemist {rElec rPois rF+ rC+ rN+
                  | MR+ rMut rCorr}
100085 | Vaults:5 | Reached XP level 27. HP: 184/245 MP: 31/35
100217 | Vaults:5 | Reached skill level 3 in Earth Magic
100478 | Vaults:5 | Found the +3 hat of Pondering {ponderous, MR+ MP+10 Int+5}
100508 | Vaults:5 | Reached skill level 3 in Transmutations
100695 | Vaults:5 | Reached skill level 4 in Earth Magic
100764 | Vaults:5 | Identified the Disquisition on Unholy Secrets
100861 | Vaults:5 | Got a silver rune of Zot
101751 | D:10     | Found Goyted's General Store.
101756 | D:10     | Bought a wand of disintegration (11) for 210 gold pieces
101896 | Orc:2    | Bought a wand of paralysis (6) for 96 gold pieces
101896 | Orc:2    | Bought a wand of disintegration (11) for 180 gold pieces
101896 | Orc:2    | Bought a sack of spiders for 240 gold pieces
102165 | Zot:1    | Entered Level 1 of the Realm of Zot
102197 | Zot:1    | Reached skill level 18 in Unarmed Combat
102667 | Zot:3    | Reached skill level 15 in Dodging
102934 | Zot:2    | Reached skill level 16 in Armour
102969 | Zot:3    | Reached skill level 20 in Fighting
103361 | Zot:5    | Entered Level 5 of the Realm of Zot
103847 | Zot:5    | Reached skill level 19 in Unarmed Combat
104258 | Zot:5    | Noticed an ancient lich
104347 | Zot:5    | Killed an ancient lich
104347 | Zot:5    | Noticed an orb of fire
104364 | Zot:5    | Killed an orb of fire
104372 | Zot:5    | Noticed an orb of fire
104710 | Zot:5    | Killed an orb of fire
104801 | Zot:5    | Noticed an orb of fire
104840 | Zot:5    | Killed an orb of fire
104840 | Zot:5    | Reached skill level 20 in Unarmed Combat
105248 | Zot:5    | Noticed an orb of fire
105342 | Zot:5    | Noticed an ancient lich
105386 | Zot:5    | Killed an orb of fire
105386 | Zot:5    | Reached skill level 16 in Dodging
105685 | Zot:5    | Killed an ancient lich
106038 | Zot:5    | Reached skill level 21 in Unarmed Combat
106898 | Zot:5    | Got the Orb of Zot
106974 | Zot:4    | Noticed a seraph
107009 | Zot:2    | Noticed a lich
107012 | Zot:2    | Noticed Yhedgh the pandemonium lord
107167 | Depths:1 | Noticed a Tzitzimitl
107492 | D:4      | Noticed a Brimstone Fiend
107497 | D:4      | Killed a Brimstone Fiend
107603 | D:1      | Noticed Amitej the pandemonium lord
107605 | D:$      | Escaped with the Orb!

Table legend:
 A = Turns spent in this place as a percentage of turns spent in the entire game.
 B = Non-inter-level travel turns spent in this place as a percentage of non-inter-level travel turns spent in the entire game.
 C = Inter-level travel turns spent in this place as a percentage of turns spent in this place.
 D = Turns resting spent in this place as a percentage of non-inter-level travel turns spent in this place.
 E = Turns spent auto-exploring this place as a percentage of non-inter-level travel turns spent in this place.
 F = Non-inter-level travel turns spent in this place divided by the number of levels of this place that you've seen.
                   A       B       C       D       E      F
               +-------+-------+-------+-------+-------+----------------------
         Total | 100.0 | 100.0 |   7.4 |   9.0 |  66.0 | 1845.4
       Dungeon |  24.3 |  22.9 |  12.7 |   5.7 |  71.0 | 1520.7
        Temple |   0.0 |   0.0 |   0.0 |   0.0 |  35.7 |  14.0
          Lair |   9.6 |   9.5 |   8.7 |   9.6 |  69.0 | 1571.8
         Swamp |   7.2 |   7.3 |   6.5 |  10.9 |  68.2 | 1823.5
     Snake Pit |   9.1 |   9.3 |   5.3 |   4.7 |  73.5 | 2328.5
  Orcish Mines |   3.8 |   3.7 |  10.0 |   5.3 |  70.7 | 1841.5
   Elven Halls |   5.4 |   5.5 |   6.4 |   2.4 |  71.3 | 1819.0
        Vaults |  14.4 |  14.7 |   5.9 |   7.9 |  66.0 | 2925.0
         Crypt |   5.5 |   5.8 |   3.0 |   9.9 |  57.8 | 1911.7
        Depths |  16.0 |  16.6 |   3.8 |   4.3 |  69.8 | 3306.8
           Zot |   4.5 |   4.6 |   4.2 |  58.5 |   3.1 | 925.6
      Ice Cave |   0.1 |   0.1 |   0.0 |   0.0 |  59.7 | 129.0
               +-------+-------+-------+-------+-------+----------------------

Table legend:
 A = Kills in this place as a percentage of kills in entire the game.
 B = Kills by you in this place as a percentage of kills by you in the entire game.
 C = Kills by friends in this place as a percentage of kills by friends in the entire game.
 D = Other kills in this place as a percentage of other kills in the entire game.
 E = Experience gained in this place as a percentage of experience gained in the entire game.
 F = Experience gained in this place divided by the number of levels of this place that you have seen.
                   A       B       C       D       E      F
               +-------+-------+-------+-------+-------+----------------------
         Total | 100.0 | 100.0 | 100.0 | 100.0 | 100.0 | 27726.5
       Dungeon |  21.1 |  22.8 |   0.0 |  10.5 |   5.2 | 5223.7
        Temple |   0.1 |   0.1 |   0.0 |   0.0 |   0.0 | 113.0
          Lair |   7.3 |   7.9 |   0.0 |   5.3 |   3.0 | 7371.3
         Swamp |   6.0 |   6.3 |   1.8 |   7.9 |   4.0 | 15136.0
     Snake Pit |   8.0 |   8.4 |   2.4 |  10.5 |   8.9 | 33264.2
  Orcish Mines |   4.7 |   5.1 |   0.0 |   2.6 |   1.4 | 10199.0
   Elven Halls |   5.7 |   5.4 |   9.7 |   5.3 |   6.6 | 33100.0
        Vaults |  18.0 |  17.0 |  29.7 |  31.6 |  25.5 | 76328.4
         Crypt |   7.4 |   8.0 |   0.0 |   5.3 |   8.7 | 43447.7
        Depths |  17.3 |  15.7 |  40.0 |  15.8 |  23.6 | 70649.2
           Zot |   4.0 |   3.1 |  16.4 |   5.3 |  12.9 | 38656.2
      Ice Cave |   0.4 |   0.4 |   0.0 |   0.0 |   0.2 | 2725.0
               +-------+-------+-------+-------+-------+----------------------

Skill      XL: |  1  2  3  4  5  6  7  8  9 10 11 12 13 14 15 16 17 18 19 20 21 22 23 24 25 26 27 |
---------------+----------------------------------------------------------------------------------+-----
Fighting       | 1 2 3 5 8 9 10 11 12 13 14 15 16 18 19 20 | 20.0
Unarmed Combat | 1 3 4 5 7 8 9 10 11 12 13 14 15 16 17 21 | 21.8
Dodging        | 2 3 4 5 6 7 8 9 10 12 14 16 | 16.0
Armour         | 1 3 4 6 7 8 9 10 11 12 13 14 15 16 | 16.0
Invocations    | 2 8 9 10 11 12 13 | 13.0
Shields        | 1 2 5 8 9 10 11 12 14 15 | 15.0
Evocations     | 3 6 7 8 9 10 11 14 15 | 15.0
Spellcasting   | 6 7 8 9 |  9.0
Necromancy     | 7 9 |  9.0
Translocations | 4 |  4.1
Summonings     | 3 7 13 15 | 15.0
Charms         | 1 |  1.0
Transmutations | 2 3 |  3.6
Earth Magic    | 2 4 |  4.0
Stealth        | |  2.1
Conjurations   | |  0.7
Fire Magic     | |  2.4

Action                   |  1- 3 |  4- 6 |  7- 9 | 10-12 | 13-15 | 16-18 | 19-21 | 22-24 | 25-27 || total
-------------------------+-------+-------+-------+-------+-------+-------+-------+-------+-------++-------
Melee: Unarmed           |   123 |   244 |   483 |   929 |  1691 |  1643 |  1893 |  2895 |  2325 || 12226
       Punch             |       |     2 |     2 |       |       |       |       |       |       ||     4
 Fire: Shortbow          |       |       |     9 |       |       |       |       |       |       ||     9
Throw: Stone             |     5 |    21 |     1 |       |       |       |       |       |       ||    27
       Boomerang         |       |       |     3 |     4 |    38 |   130 |    67 |   122 |       ||   364
       Javelin           |       |       |     2 |    15 |    35 |    71 |     9 |     3 |    19 ||   154
       Throwing net      |       |       |     1 |       |       |       |       |       |       ||     1
 Cast: Vampiric Draining |       |       |       |       |       |       |    35 |    83 |     9 ||   127
       Animate Dead      |       |       |       |       |       |       |    29 |    19 |    14 ||    62
       Corpse Rot        |       |       |       |       |       |       |     1 |       |       ||     1
       Regeneration      |       |       |       |       |       |       |       |    13 |    25 ||    38
       Summon Demon      |       |       |       |       |       |       |       |    23 |       ||    23
       Shadow Creatures  |       |       |       |       |       |       |       |     6 |   121 ||   127
       Summon Butterflie |       |       |       |       |       |       |       |       |     1 ||     1
Invok: Grow Ballistomyce |       |       |       |    20 |    25 |    21 |    17 |     9 |     5 ||    97
       Grow Oklob        |       |       |       |       |       |     1 |       |     1 |     4 ||     6
       Overgrow          |       |       |       |       |       |       |       |       |     5 ||     5
       Wall of Briars    |       |       |       |       |       |       |       |       |     1 ||     1
Evoke: Wand              |       |       |     1 |     9 |    24 |    41 |    11 |    32 |    21 ||   139
       Phantom mirror    |       |       |       |     1 |       |       |       |       |       ||     1
       Lightning rod     |       |       |       |       |       |     4 |    10 |    11 |       ||    25
       Phial of floods   |       |       |       |       |       |       |     1 |       |       ||     1
       Box of beasts     |       |       |       |       |       |       |       |     1 |     3 ||     4
       Sack of spiders   |       |       |       |       |       |       |       |       |     1 ||     1
  Use: Potion            |     2 |     1 |       |       |     1 |     2 |     3 |     4 |    18 ||    31
       Scroll            |     2 |     5 |     7 |    14 |     7 |     8 |    16 |    11 |    19 ||    89
 Stab: Held in net/web   |       |       |     1 |       |       |       |       |       |       ||     1
       Confused          |       |       |       |     3 |     5 |    18 |     8 |       |       ||    34
       Petrified         |       |       |       |       |     4 |       |       |       |       ||     4
       Sleeping          |       |       |       |       |       |       |     7 |       |       ||     7
       Distracted        |       |       |       |       |       |       |     2 |     8 |    22 ||    32
  Eat: Chunk             |     8 |    12 |    20 |    40 |    79 |    81 |    52 |    77 |    72 ||   441
       Ration            |       |       |       |       |     4 |     4 |     5 |    17 |    27 ||    57
Armor: Robe              |    13 |       |       |       |       |       |       |       |       ||    13
       Ring mail         |    46 |    59 |       |       |       |    81 |   506 |   737 |   557 ||  1986
       Chain mail        |       |    12 |   102 |       |       |       |       |       |       ||   114
       Plate armour      |       |       |   135 |   470 |   706 |   460 |       |       |       ||  1771
Dodge: Dodged            |    88 |   116 |   128 |   132 |   315 |   288 |   432 |  1248 |  1061 ||  3808
Block: Shield            |       |       |    32 |   476 |  1226 |  1317 |  1800 |  2701 |  1599 ||  9151
       Reflection        |       |       |       |     6 |    46 |   130 |    54 |    23 |       ||   259

Vanquished Creatures
  4 orbs of fire (Zot:5)
  5 ancient liches
  A juggernaut (shapeshifter) (Vaults:4)
  Frederick (Vaults:2)
  Bai Suzhen (Crypt:1)
  A Killer Klown (Zot:5)
  3 golden dragons
  Xtahua (Crypt:1)
  Nikola (Swamp:4)
  A Brimstone Fiend (D:4)
  An electric golem (Zot:5)
  7 tentacled monstrosities
  Rupert (Lair:5)
  The ghost of Faedia the Fighter, an adept GnWn of Okawaru (Vaults:4)
  16 Orb Guardians (Zot:5)
  6 liches
  4 titans
  A quicksilver dragon (Zot:4)
  6 sphinxes
  3 death cobs
  4 ancient champions
  Roxanne (Elf:3)
  Kirke (Swamp:3)
  11 shadow dragons
  6 tengu reavers
  9 storm dragons
  The ghost of TheNamelessOne the Severer, an adept FoFi of Okawaru (Depths:2)
  Donald (Crypt:1)
  18 nagarajas (Snake:4)
  10 fire giants
  An azure jelly (Swamp:4)
  19 frost giants
  An iron dragon (Vaults:5)
  Aizul (Snake:4)
  2 deep elf sorcerers (Elf:3)
  13 vault wardens
  A spectral juggernaut (Depths:2)
  2 draconian knights
  Louise (Elf:1)
  A draconian shifter (Zot:5)
  A balrug (Depths:2)
  4 curse skulls
  4 deep elf elementalists
  2 ghouls (Crypt:2)
  14 ironheart preservers
  2 draconian stormcallers
  3 draconian annihilators
  3 reapers (Crypt:3)
  24 stone giants
  5 spriggan defenders
  4 war gargoyles
  7 vampire knights
  2 entropy weavers
  3 black draconians
  4 green draconians
  3 white draconians (Zot:3)
  A caustic shrike skeleton (Crypt:2)
  9 very ugly things
  2 deep elf demonologists
  4 deep elf annihilators
  2 red draconians
  3 purple draconians
  2 yellow draconians
  3 spark wasps (Depths:4)
  7 eidola
  17 ettins
  A blizzard demon (D:3)
  11 deep elf death magi
  10 jiangshi
  A mummy priest (Crypt:3)
  Josephine (D:15)
  12 fire dragons
  8 deep elf high priests
  14 yaktaur captains
  17 hydras
  32 naga warriors
  8 ice dragons
  A juggernaut simulacrum (Depths:4)
  6 great orbs of eyes
  29 vault guards
  A spectral sphinx (Depths:2)
  A spectral tengu (Vaults:4)
  A rakshasa (Depths:2)
  7 centaur warriors
  7 anacondas
  A spectral stone giant (Vaults:4)
  3 death knights
  11 ogre magi
  3 spriggan air magi
  A catoblepas (Lair:6)
  A spectral human (Vaults:3)
  26 dancing weapons
  4 death yaks
  32 two-headed ogres
  24 alligators
  8 tengu warriors
  19 deep troll shamans
  Urug (Lair:4)
  18 naga sharpshooters
  8 deep troll earth magi
  9 vampire magi
  4 spriggan berserkers
  14 deep elf knights
  7 shock serpents
  A storm dragon zombie (Depths:4)
  2 titan skeletons (Crypt:1)
  10 orc high priests
  10 skeletal warriors
  4 soul eaters
  4 sun demons
  3 fire crabs (shapeshifter)
  A shadow wraith (Vaults:4)
  A spectral yaktaur (Vaults:3)
  40 deep trolls
  6 iron trolls
  2 sixfirhies
  The ghost of skk the Shield-Bearer, a novice FoFi (D:7)
  22 hell knights
  4 unseen horrors
  A storm dragon skeleton (Crypt:3)
  2 torturous demonspawn
  2 anaconda zombies (Crypt:3)
  4 sea snakes (Snake:4)
  2 spriggan druids
  6 naga ritualists
  3 flayed ghosts
  5 glowing orange brains
  A lindwurm (Lair:6)
  5 wizards
  3 swamp dragons
  A spectral iron dragon (Depths:2)
  A lindwurm (shapeshifter) (Vaults:2)
  4 shadow dragon zombies
  10 deep elf archers
  16 necromancers
  16 phantasmal warriors
  8 ironbrand convokers
  7 orc knights
  5 orc sorcerers
  52 deep elf magi
  10 harpies
  6 large abominations
  A frost giant zombie (Depths:4)
  7 mana vipers
  A sphinx zombie (Crypt:1)
  4 wolf spider zombies
  3 manticores
  A salamander (shapeshifter) (Vaults:1)
  47 ugly things
  8 cyclopes
  12 moths of wrath
  2 fire giant zombies (Crypt:3)
  3 iron dragon zombies
  2 spectral ettins
  3 salamanders
  A stone giant skeleton (Crypt:1)
  4 elephants (Lair:5)
  2 frost giant skeletons (Crypt:3)
  A shock serpent zombie (Crypt:3)
  10 wolf spiders
  4 titan simulacra
  A fire giant skeleton (Crypt:3)
  11 naga magi
  19 vault sentinels
  8 guardian serpents
  2 ice statues (IceCv)
  A molten gargoyle (Lair:2)
  6 centaur skeletons
  2 gargoyles
  16 spiny frogs
  A smoke demon (Lair:6)
  22 black mambas
  A shock serpent skeleton (Crypt:3)
  An orange demon (Lair:6)
  A catoblepas zombie (Crypt:3)
  An elephant slug zombie (Crypt:1)
  A kobold demonologist (D:13)
  8 komodo dragons
  5 rime drakes
  An emperor scorpion zombie (Crypt:1)
  A yaktaur (shapeshifter) (Vaults:3)
  A minotaur zombie (Crypt:3)
  33 yaktaurs
  A spectral glowing shapeshifter (Vaults:4)
  2 green draconian skeletons (Crypt:2)
  A spark wasp simulacrum (Depths:4)
  A yellow draconian skeleton (Crypt:2)
  A harpy zombie (D:15)
  13 trolls
  13 hellwings (Crypt:3)
  An ice devil (Lair:6)
  20 freezing wraiths
  2 guardian mummies (Crypt:3)
  A golden dragon simulacrum (Depths:2)
  3 jumping spiders
  A queen bee (shapeshifter) (Vaults:3)
  4 red devils (Lair:6)
  7 tengu conjurers
  2 polar bears
  2 shadow dragon simulacra
  18 slime creatures
  14 hornets
  A blink frog (shapeshifter) (Vaults:4)
  14 tyrant leeches
  5 bog bodies
  2 dream sheep (D:11)
  A hippogriff (shapeshifter) (Depths:2)
  A sphinx simulacrum (Depths:2)
  A fire dragon zombie (Crypt:3)
  7 blink frogs
  12 hippogriffs
  A dream sheep (shapeshifter) (Vaults:2)
  A hydra skeleton (Crypt:3)
  A raiju (shapeshifter) (Vaults:2)
  2 human simulacra (Vaults:3)
  4 flying skulls (Vaults:2)
  10 spriggans
  2 shadows (D:11)
  7 water elementals
  14 redbacks
  An ettin skeleton (Crypt:2)
  A fire dragon skeleton (Crypt:3)
  A tarantella (shapeshifter) (Depths:3)
  16 wraiths
  A vampire (D:14)
  8 wyverns
  23 yaks
  A hog (Swamp:3)
  11 humans (D:14)
  An ushabti (Crypt:3)
  3 fire elementals
  6 hungry ghosts
  A spriggan simulacrum (Depths:2)
  3 fire bats (Depths:3)
  A golden eye (shapeshifter) (Depths:5)
  A basilisk (D:14)
  12 vampire mosquitoes
  5 chaos spawn (Depths:4)
  12 wargs
  3 swamp worm simulacra (Swamp:4)
  Menkaure (D:5)
  A steam dragon (D:11)
  57 nagas
  13 swamp worms
  7 acid dragons
  16 insubstantial wisps
  5 hell hounds
  12 hydra simulacra (Swamp:4)
  A spiny frog zombie (Crypt:3)
  17 water moccasins
  9 porcupines
  5 sky beasts
  26 orc warriors
  5 floating eyes
  10 ice beasts
  7 swamp drakes
  2 eyes of draining
  3 black bears
  5 necrophages (Crypt:2)
  31 ogres
  A black bear (shapeshifter) (Vaults:5)
  2 phantoms
  An ettin simulacrum (Crypt:1)
  11 wolves
  10 boggarts
  18 centaurs
  2 snapping turtle skeletons (Crypt:3)
  A dream sheep skeleton (Crypt:1)
  An elf simulacrum (Depths:2)
  13 crocodiles
  7 big kobolds
  27 bullfrogs
  3 earth elementals
  9 wyvern skeletons (Crypt:3)
  A shapeshifter zombie (Crypt:2)
  3 small abominations (Depths:4)
  4 scorpions
  9 killer bees
  3 howler monkeys (D:7)
  32 wights
  An electric eel (Lair:3)
  12 crimson imps
  5 centaur zombies
  A quasit (D:9)
  10 jellies
  4 bullfrog zombies
  36 orc priests
  5 bullfrog skeletons
  A gnoll shaman (D:10)
  8 hounds
  17 orc wizards
  3 iguanas
  15 hell rats
  10 worker ants
  Natasha (D:4)
  A big kobold zombie (Crypt:2)
  A tengu zombie (Crypt:3)
  A felid zombie (Crypt:1)
  A hound zombie (D:8)
  4 hound skeletons
  3 worker ant zombies
  A howler monkey skeleton (D:10)
  5 gnolls (D:10)
  14 adders
  7 river rats (Lair:1)
  A steam dragon skeleton (Crypt:2)
  5 shadow imps
  3 white imps (D:13)
  2 oozes
  5 swamp drake simulacra (Swamp:4)
  An adder zombie (D:9)
  A halfling zombie (Crypt:1)
  2 adder skeletons
  3 worms
  4 leopard geckos
  125 orcs
  2 ball pythons
  9 bats
  6 giant cockroaches
  6 goblins
  10 hobgoblins
  8 jackals
  6 quokkas
  A dart slug zombie (Crypt:2)
  20 kobolds
  A leopard gecko skeleton (D:5)
  An orc skeleton (Crypt:3)
  A quokka skeleton (D:5)
  12 rats
  10 ballistomycete spores
  A crawling corpse (Vaults:5)
2314 creatures vanquished.

Vanquished Creatures (collateral kills)
  An ancient lich (Vaults:5)
  The ghost of Geloitur the Imperceptible, a veteran SpEE of Dithmenos (Vaults:2)
  4 golden dragons
  A lich (Depths:5)
  5 tentacled monstrosities
  3 quicksilver dragons
  A deep elf master archer (Elf:3)
  A tengu reaver (Vaults:5)
  2 sphinxes
  3 storm dragons
  2 shadow dragons
  A nagaraja (Snake:4)
  2 deep elf sorcerers (Elf:3)
  4 vault wardens (Vaults:5)
  2 iron dragons (Depths:4)
  A draconian scorcher (Zot:3)
  An orc warlord (Vaults:5)
  An ironheart preserver (Vaults:2)
  A draconian annihilator (Zot:4)
  A very ugly thing (Depths:5)
  2 deep elf elementalists
  6 stone giants
  4 green draconians
  3 vampire knights
  A red draconian (Zot:4)
  3 black draconians
  A deep elf demonologist (Elf:3)
  A purple draconian (Zot:4)
  3 deep elf annihilators (Elf:3)
  2 spark wasps
  3 yellow draconians
  A merfolk javelineer (Depths:4)
  2 ettins
  A deep elf death mage (Elf:3)
  3 fire dragons (Depths:5)
  A jiangshi (Depths:5)
  A deep elf high priest (Elf:3)
  A yaktaur captain (Vaults:3)
  4 vault guards
  A rakshasa (Depths:2)
  An ice dragon (Depths:2)
  5 two-headed ogres
  A dancing weapon (Elf:3)
  3 ogre magi
  2 deep troll earth magi
  2 deep troll shamans
  3 spriggan berserkers
  3 deep elf knights
  2 hell knights (Depths:5)
  2 sixfirhies (Depths:2)
  A flayed ghost (Depths:5)
  2 skeletal warriors (Vaults:2)
  3 deep trolls
  3 necromancers (Depths:5)
  3 harpies
  A wolf spider (Vaults:4)
  4 deep elf magi
  A wolf spider (shapeshifter) (Depths:5)
  4 manticores (Depths:4)
  A manticore (shapeshifter) (Depths:2)
  3 moths of wrath (Zot:4)
  A vault sentinel (Vaults:5)
  A black mamba (Snake:4)
  5 yaktaurs
  3 hornets
  A slime creature (Depths:4)
  A hippogriff (Depths:4)
  2 redbacks (Vaults:4)
  A shadow (Swamp:4)
  2 spriggans (Depths:4)
  A water elemental (Depths:4)
  A tarantella (Vaults:4)
  2 nagas (Snake:4)
  A swamp worm (Swamp:2)
  2 floating eyes
  2 orc warriors
  4 ogres
  An orc wizard (Vaults:5)
  2 orcs (Vaults:3)
  440 ballistomycete spores
  A crawling corpse (Vaults:5)
606 creatures vanquished.

Vanquished Creatures (others)
  A golden dragon (Zot:5)
  A quicksilver dragon (Zot:3)
  A tengu reaver (Vaults:5)
  A yaktaur captain (D:15)
  2 deep elf archers
  An ironbrand convoker (Vaults:2)
  2 necromancers (Crypt:3)
  A harpy (Vaults:2)
  A deep elf mage (Elf:1)
  A cyclops (Vaults:2)
  An oklob plant (Lair:5)
  A manticore (D:13)
  4 yaktaurs
  A basilisk (Depths:4)
  2 nagas
  A swamp worm (Swamp:4)
  A hydra simulacrum (Swamp:4)
  A boggart (Depths:2)
  A centaur (D:13)
  An orc wizard (D:7)
  24 ballistomycete spores
  2 bushes
  38 fungi
  59 plants
  9 withered plants (Crypt:3)
158 creatures vanquished.

Grand Total: 3078 creatures vanquished
